AoeStats
← 从不压堡之人

Oasis

509060620Analyzed
4v4 RM · 7d ago on Sep 25, 2026· 26m 11s· 8 players
Game mode
Random Map
Map size
Large (8 player)
Population
200
Speed
Normal
Resources
Standard
Victory
Conquest
Starting age
Dark Age
Ending age
Imperial Age
RankedLock teamsTeams togetherTeam positionsShared explorationLock speedFull tech treeHidden civsTurbo modeCheats
Victory
Defeat
🇨🇳 Mongols · China
1415
+10
🇨🇳 Slavs · China
1297
+15
1238
+17
1145
+21
🇹🇼 Magyars · Taiwan
1319
-18
🇹🇼 Ethiopians · Taiwan
1300
-17
🇲🇴 Maya · Macao SAR China
1231
-14
🇫🇷 Slavs · France
1227
-14
B站胡某怎么还在种田
10:44 Feudal Age
10:22 Loom
12:03 Double-Bit Axe
15:00 Castle Age
14:12 Wheelbarrow
13:51 Horse Collar
14:04 Gold Mining
21:03 Ballistics
26:45 Bow Saw
从不压堡之人
9:18 Feudal Age
10:14 Horse Collar
10:20 Double-Bit Axe
13:11 Bloodlines
14:46 Forging
17:04 Scale Barding Armor
21:34 Wheelbarrow
25:52 Castle Age
25:57 Light Cavalry
26:38 Husbandry
26:58 Chain Barding Armor
27:13 Iron Casting
叫声乌鸦哥
7:50 Loom
9:44 Feudal Age
11:23 Double-Bit Axe
14:11 Castle Age
14:34 Horse Collar
15:21 Heavy Plow
20:20 Bow Saw
21:20 Wheelbarrow
20:53 Town Watch
22:54 Gold Mining
26:36 Gold Shaft Mining
26:40 Hand Cart
kirk
9:47 Feudal Age
10:33 Double-Bit Axe
12:35 Forging
13:44 Scale Barding Armor
14:44 Horse Collar
17:37 Bloodlines
19:59 Gold Mining
23:33 Castle Age
24:40 Chain Barding Armor
25:01 Iron Casting
25:57 Husbandry
27:14 Iron Casting
Barbaren
0:29 Loom
14:08 Feudal Age
18:10 Double-Bit Axe
23:20 Horse Collar
24:30 Fletching
mathlemas
10:30 Feudal Age
12:15 Loom
15:57 Castle Age
14:35 Double-Bit Axe
14:33 Horse Collar
15:57 Scale Barding Armor
16:12 Bloodlines
17:34 Bow Saw
20:59 Light Cavalry
橋本真也
7:23 Loom
11:05 Feudal Age
12:53 Fletching
18:55 Double-Bit Axe
20:49 Padded Archer Armor
小小財
5:32 Loom
8:40 Feudal Age
9:33 Double-Bit Axe
11:43 Horse Collar
17:14 Scale Barding Armor
23:16 Castle Age
Connection lost

Rejoining the realm…

Still unreachable

The connection could not be restored.

Session expired

The server has moved on; the page needs a fresh start.